 Dungeon Sprint DCSS version 0.28-a0-1412-gf95308ed99 (webtiles) character file.

Game seed: 1723167316455716851

100 mhtbhm the Skirmisher (level 4, -3/32 HPs)
             Began as a Gargoyle Fighter on Jan 7, 2022.
             Slain by a water moccasin (7 damage)
             ... in the Dungeon (Sprint IX: "|||||||||||||||||||||||||||||").
             The game lasted 00:00:12 (327 turns).

mhtbhm the Skirmisher (Gargoyle Fighter)             Turns: 327, Time: 00:00:13

Health: -3/32      AC: 11    Str: 22    XL:     4   Next: 74%
Magic:  4/4        EV:  9    Int:  8    God:
Gold:   0          SH:  5    Dex:  9    Spells: 3/3 levels left

rFire   . . .      SeeInvis .   a - +0 flail
rCold   . . .      Faith    .   c - +0 buckler
rNeg    + . .      Spirit   .   b - +0 scale mail
rPois   ∞          Reflect  .   (no helmet)
rElec   +          Harm     .   (no cloak)
rCorr   .          Rampage  .   (no gloves)
Will    .....      NoTele   +   (no boots)
Stlth   ..........              (no amulet)
HPRegen 0.10/turn               (no ring)
MPRegen 0.09/turn               (no ring)

@: mighty
A: sickness immunity, AC +3, negative energy resistance 1, electricity
resistance, torment resistance 1, petrification resistance
a: no special abilities


You were in the Dungeon.
You visited 1 branch

Inventory:

Hand Weapons
 a - a +0 flail (weapon)
Armour
 b - a +0 scale mail (worn)
 c - a +0 buckler (worn)
Scrolls
 j - a scroll of blinking
Potions
 e - a potion of curing
 f - a potion of heal wounds
 g - a potion of haste
 h - 2 potions of magic
 i - a potion of berserk rage


   Skills:
 + Level 6.2 Fighting
 + Level 4.3 Maces & Flails
 + Level 6.1 Armour
 + Level 0.2 Dodging
 + Level 1.1 Stealth
 + Level 5.5 Shields


You had 3 spell levels left.
You didn't know any spells.
Your spell library was empty.

Dungeon Overview and Level Annotations

Branches:
Dungeon (1/1)

Altars:


Innate Abilities, Weirdness & Mutations

You are immune to sickness and miasma.
Your stone body is resilient. (AC +3)
You are immune to poison.
You resist negative energy. (rN+)
You are resistant to electric shocks. (rElec)
You are resistant to unholy torment.
You are immune to petrification.


Message History

The black bear bites you. You block the black bear's attack.
The black bear claws you but does no damage.
You hit the black bear but do no damage.
The black bear closely misses you. You block the black bear's attack.
The black bear misses you. The black bear barely misses you. x3
You hit the black bear.
The black bear is lightly wounded.
The black bear bites you. The black bear closely misses you.
The black bear claws you.
You thump the black bear!
The black bear is heavily wounded.
The black bear closely misses you. The black bear barely misses you.
The black bear claws you but does no damage.
You sock the black bear!
The black bear is almost dead.
The black bear goes berserk!
The black bear barely misses you. x2
The black bear claws you but does no damage.
You sock the black bear!
You kill the black bear!
The scorpion stings you.
* * * LOW HITPOINT WARNING * * *
Your Fighting skill gained 2 levels and is now at level 6!
Your Maces & Flails skill gained 2 levels and is now at level 4!
Your Armour skill gained 2 levels and is now at level 6!
Your Stealth skill increases to level 1!
Your Shields skill increases to level 5!
You have reached level 3!
Your experience leads to an increase in your attributes!
Increase (S)trength, (I)ntelligence, or (D)exterity?
You feel stronger. x2
You have reached level 4!
You feel stronger.
Unknown command.
You sock the scorpion!
The scorpion is heavily wounded.
You block the scorpion's attack.
You thump the scorpion!
You kill the scorpion!
The water moccasin bites you!
You die... ▓▓▓▓▓▓▓▓▓▓▓▓▓▓▓▓▓▓ ▓<...)....@S.Z...+ ▓▓▓▓▓▓▓▓▓▓▓▓▓▓▓▓▓▓

You could see a water moccasin and a bat zombie.

Vanquished Creatures
  A black bear (D)
  A scorpion (D)
  An ufetubus (D)
  2 endoplasms (D)
  2 hobgoblins (D)
  A kobold (D)
8 creatures vanquished.

Notes
Turn   | Place    | Note
-------+----------+-------------------------------------------
     0 | D        | mhtbhm the Gargoyle Fighter began the quest for the Orb.
     0 | D        | Reached XP level 1. HP: 14/14 MP: 1/1
    17 | D        | Reached XP level 2. HP: 2/20 MP: 2/2
   317 | D        | Noticed a black bear
   317 | D        | Noticed a scorpion
   317 | D        | Noticed a water moccasin
   325 | D        | Killed a black bear
   326 | D        | Reached skill level 1 in Stealth
   326 | D        | Reached skill level 5 in Shields
   326 | D        | Reached XP level 3. HP: 3/27 MP: 3/3
   326 | D        | Reached XP level 4. HP: 4/32 MP: 4/4
   327 | D        | Killed a scorpion
   327 | D        | Slain by a water moccasin

Illustrated notes

Levels and vault maps discovered:
D:        linesprint [early_d, line_temple, items_1, d_10, items_2, lair_1,
          lair_end, items_3, orc_1, orc_end, items_4, d_15, swamp_1, shoals_1,
          snake_1, spider_1, d_20, vaults_1, items_5, swamp_end, shoals_end,
          snake_end, spider_end, vaults_end, d_27, items_6, zot_1, zot_end,
          crypt_end, forest_end, elf_end, slime_end, tomb_end, abyss_end,
          pan_hell_end]

Skill      XL: |  1  2 |
---------------+-------+-----
Fighting       | 4 6 |  6.2
Armour         | 4 6 |  6.1
Shields        | 4 5 |  5.5
Maces & Flails | 4 |  4.3
Stealth        | 1 |  1.1
Dodging        | |  0.2

Action                   |  1- 3 |  4- 6 || total
-------------------------+-------+-------++-------
Melee: Flail             |    20 |     2 ||    22
  Use: Potion            |     1 |       ||     1
Armor: Scale mail        |     6 |       ||     6
Dodge: Dodged            |    15 |       ||    15
Block: Buckler           |     6 |     1 ||     7

Table legend: (Time is in decaauts)
 A = Elapsed time spent in this place.
 B = Non-inter-level travel time spent in this place.
 C = Inter-level travel time spent in this place.
 D = Time resting spent in this place.
 E = Time spent auto-exploring this place.
 F = Levels seen in this place.
 G = Mean time per level.
                   A        B        C        D        E       F      G
               +--------+--------+--------+--------+--------+-----+--------+
         Total |    333 |    333 |      0 |    295 |      3 |   1 |  333.0 |
       Dungeon |    333 |    333 |      0 |    295 |      3 |   1 |  333.0 |
               +--------+--------+--------+--------+--------+-----+--------+

Top non-repeatable levels by time:
       D: 333 daAuts
